 Dungeon Crawl Stone Soup version 0.28.0-47-ge53b351184 (webtiles) character file.

Game seed: 6601669971273797069

5215 unlimited1921 the Firebug (level 10, -3/84 HPs)
             Began as a Hill Orc Fire Elementalist on Apr 25, 2022.
             Was an Initiate of Yredelemnul.
             Hit by a boomerang thrown by an orc warrior (9 damage)
             ... led by an orc high priest
             ... on level 1 of the Orcish Mines.
             The game lasted 01:27:27 (16755 turns).

unlimited1921 the Firebug (HOFE)                   Turns: 16755, Time: 01:27:33

Health: -3/84      AC: 10    Str: 16    XL:     10   Next: 61%
Magic:  1/27       EV: 16    Int: 17    God:    Yredelemnul [......]
Gold:   382        SH:  5    Dex: 11    Spells: 5/20 levels left

rFire   . . .      SeeInvis .   G - +5 mace (protect)
rCold   . . .      Faith    .   (no shield)
rNeg    + . .      Spirit   .   J - +0 leather armour {rN+}
rPois   +          Reflect  +   p - +1 helmet
rElec   .          Harm     .   d - +2 cloak
rCorr   .          Rampage  .   y - +0 pair of gloves
Will    .....                   (no boots)
Stlth   ++........              h - amulet of reflection
HPRegen 0.24/turn               q - +4 ring of evasion
MPRegen 0.20/turn               i - ring of magical power

@: on blink cooldown, very slightly contaminated
A: fangs 1, poison resistance, strong 1
a: Renounce Religion, Recall Undead Harvest


You were on level 1 of the Orcish Mines.
You worshipped Yredelemnul.
Yredelemnul was noncommittal.
You visited 2 branches of the dungeon, and saw 10 of its levels.
You also visited: Ossuary.

You collected 824 gold pieces.
You spent 442 gold pieces at shops.

Inventory:

Hand Weapons
 k - a +2 vampiric dagger
 m - a +0 whip of draining
 o - a +1 dagger of venom
 t - a +0 scythe of venom
 x - a +1 short sword of electrocution
 B - the +10 hunting sling of Guilt {vorpal, Contam rElec rC+ Dex+4}
   (You found it on level 3 of the Dungeon)

   Any ammunition fired from it inflicts extra damage upon your enemies.
   Dex:       It affects your dexterity (+4).
   rC:        It protects you from cold.
   rElec:     It insulates you from electricity.
   Contam:    It causes magical contamination when unequipped.
 F - a +4 quarterstaff of chaos
 G - a +5 mace of protection (weapon)
 L - a +4 mace of freezing
 M - a +4 whip
 P - a +2 short sword of freezing
 X - a +0 war axe
Missiles
 c - 144 stones
 j - 7 boomerangs
 v - 34 poisoned darts (quivered)
 V - 5 atropa-tipped darts
Armour
 a - a +0 robe
 d - a +2 cloak (worn)
 g - an orb of guile
 l - a +0 chain mail
 p - a +1 helmet (worn)
 w - a +1 scale mail of willpower
 y - a +0 pair of gloves (worn)
 J - a +0 leather armour of positive energy (worn)
 K - the +4 scale mail of Burning Liberty {Harm Slay+6}
   (You found it on level 9 of the Dungeon)

   Slay:      It affects your accuracy & damage with ranged weapons and melee
   (+6).
   Harm:      It increases damage dealt and taken.
 N - a +0 ring mail
 W - a scarf of resistance
Jewellery
 e - a ring of see invisible
 h - an amulet of reflection (around neck)
 i - a ring of magical power (right hand)
 q - a +4 ring of evasion (left hand)
 r - a ring of protection from fire
 Q - a +6 ring of strength
Wands
 n - a wand of digging (2)
 C - a wand of iceblast (6)
 Y - a wand of flame (5)
Scrolls
 f - 2 scrolls of teleportation
 u - 3 scrolls of magic mapping
 H - 2 scrolls of amnesia
 U - 3 scrolls of immolation
Potions
 b - 3 potions of mutation
 s - 2 potions of berserk rage
 z - 3 potions of attraction
 A - 3 potions of cancellation {unknown}
 D - 3 potions of lignification
 E - 4 potions of ambrosia
 I - a potion of invisibility
 O - a potion of resistance
 R - a potion of might
 S - a potion of magic
 T - 2 potions of curing


   Skills:
 * Level 6.8 Fighting
 + Level 1.1 Short Blades
 + Level 0.4 Maces & Flails
 + Level 5.7(6.1) Slings
 + Level 3.0(4.8) Throwing
 * Level 4.9 Armour
 * Level 4.4 Dodging
 + Level 2.6 Stealth
 + Level 1.1 Shields
 * Level 5.5 Spellcasting
 + Level 1.1 Conjurations
 + Level 0.3 Hexes
 + Level 7.7 Fire Magic


You had 5 spell levels left.
You knew the following spells:

 Your Spells              Type           Power      Damage    Failure   Level
a - Foxfire               Conj/Fire      76%        2x1d7     2%          1
b - Scorch                Fire           60%        2d8       1%          2
c - Inner Flame           Hex/Fire       18%        N/A       10%         3
d - Spider Form           Tmut/Pois      4%         N/A       43%         3
e - Conjure Flame         Conj/Fire      19%        6-21      8%          3
f - Slow                  Hex            20%        N/A       14%         1
g - Blink                 Tloc           8%         N/A       24%         2

Your spell library contained the following spells:

 Spells                   Type           Power      Damage    Failure   Level
 Apportation              Tloc           8%         N/A       16%         1
 Beastly Appendage        Tmut           8%         N/A       16%         1
 Wereblood                Tmut           4%         N/A       24%         2
 Flame Wave               Conj/Fire      19%        2d6       26%         4
 Confusing Touch          Hex            5%         N/A       38%         3
 Vampiric Draining        Necr           4%         2d6       43%         3
 Animate Dead             Necr           2%         N/A       85%         4
 Alistair's Intoxication  Tmut/Pois      2%         N/A       99%         5
 Manifold Assault         Tloc           4%         N/A       99%         5
 Haunt                    Necr/Summ      2%         N/A       100%        7
 Storm Form               Tmut/Air       2%         N/A       100%        7
 Infestation              Necr           2%         N/A       100%        8


Dungeon Overview and Level Annotations

Branches:
Dungeon (9/15)             Temple (0/1) D:7             Orc (1/2) D:9
Ossuary (visited)
   Lair: D:8-11

Altars:
Ashenzari
Cheibriados
Fedhas
Hepliaklqana
Kikubaaqudgha
Nemelex Xobeh
Okawaru
Sif Muna
Wu Jian
Yredelemnul
Beogh

Shops:
D:4 [(   D:7 :![*   D:9 (


Innate Abilities, Weirdness & Mutations

You have very sharp teeth.
Your system is resistant to poisons. (rPois)
Your muscles are strong. (Str +2)


Message History

The orc warrior hits your ogre zombie with a +0 battleaxe!
Your ogre zombie hits the orc warrior!
Casting: Scorch (safe; 1% risk of failure)
Confirm with . or Enter, or press ? or * to list all spells.
Flames lash the smoke demon.
The smoke demon completely resists.
The smoke demon gestures at you.
The ball of steam hits the sun demon.
The sun demon resists.
The ball of steam hits your ogre zombie!!
Your ogre zombie is destroyed!
The ball of steam hits you!
The orc warrior is engulfed in a cloud of scalding steam.
Press: ? - help, v - describe, . - travel The floor.
Unknown command.
Unknown command.
Unknown command.
Press: ? - help, v - describe, . - travel
Here: a sun demon (lightly wounded, summoned)
The floor.
Unknown command.
Unknown command.
Casting: Scorch (safe; 1% risk of failure)
Confirm with . or Enter, or press ? or * to list all spells.
You miscast Blink.
You are very lightly contaminated with residual magic.
Nothing appears to happen.
The sun demon hits you!!
* * * LOW HITPOINT WARNING * * *
You are engulfed in flames!
* * * LOW HITPOINT WARNING * * *
The orc high priest is engulfed in a cloud of scalding steam.
The orc high priest utters an invocation to Beogh.
You feel better. The sun demon closely misses you.
Casting: Blink (dangerous; 24% risk of failure)
Confirm with . or Enter, or press ? or * to list all spells.
You blink.
You are engulfed in a cloud of scalding steam.
* * * LOW HITPOINT WARNING * * *
The orc warrior throws a boomerang.
The boomerang hits you!
You die...
Your body rises from the dead as a mindless zombie.

##.....#.## ##.........##
###...........#
##.#...........#
#.............)##
##.#.....#...)[<# ####
##...##........)###$$$##
#.........#..))###.8.8$#
##.........§@.)§oo3..._#
###.............).3#§8$8.#
##.#.......>...§..§.##...##
#......#.............#####
##.....................##
###................#....#
##......#.....#..#.###...#
#....................##.##
##....................###


You could see a sun demon (summoned) and an orc warrior.

Vanquished Creatures
  An orc sorcerer (Orc:1)
  A troll (D:9)
  2 wyverns
  Sigmund (D:2)
  A steam dragon (D:9)
  2 water moccasins
  An acid dragon (D:9)
  A warg (Orc:1)
  A black bear (D:5)
  6 orc warriors
  A sky beast (D:7)
  An ice beast (D:6)
  An ogre (Orc:1)
  3 centaurs
  2 bullfrogs
  3 kobold brigands
  2 scorpions
  2 wyvern skeletons
  7 wights
  3 howler monkeys
  2 jellies
  2 bullfrog zombies (D:6)
  7 orc priests
  Crazy Yiuf (D:3)
  2 centaur zombies
  3 hounds
  A centaur skeleton (D:7)
  5 iguanas
  5 orc wizards
  A hound skeleton (D:4)
  9 mummies
  Robin (D:2)
  7 gnolls
  7 adders
  A howler monkey skeleton (D:5)
  2 shadow imps
  An adder zombie (D:3)
  An adder skeleton (D:4)
  3 worms
  5 dart slugs
  43 orcs
  8 ball pythons
  4 endoplasms
  4 giant cockroaches
  8 hobgoblins
  8 jackals
  22 kobolds
  3 quokkas
  4 bats
  2 frilled lizards
  A gnoll zombie (Ossuary)
  16 goblins
  3 hobgoblin zombies (Ossuary)
  4 kobold zombies (Ossuary)
  2 orc zombies (D:5)
  4 rats
  2 spectral orcs (D:9)
246 creatures vanquished.

Vanquished Creatures (collateral kills)
  A warg (Orc:1)
  2 orc priests (D:9)
  A centaur skeleton (D:7)
  4 orcs
8 creatures vanquished.

Vanquished Creatures (others)
  A centaur zombie (D:9)
  An ogre zombie (Orc:1)
  An acid dragon zombie (D:9)
  A howler monkey zombie (D:8)
  A steam dragon zombie (D:9)
  A goblin zombie (D:8)
  11 kobold zombies
  24 orc zombies
  79 foxfires
120 creatures vanquished.

Grand Total: 374 creatures vanquished

Notes
Turn   | Place    | Note
-------+----------+-------------------------------------------
     0 | D:1      | unlimited1921 the Hill Orc Fire Elementalist began the
                  | quest for the Orb.
     0 | D:1      | Reached XP level 1. HP: 14/14 MP: 3/3
   455 | D:1      | Reached XP level 2. HP: 20/20 MP: 4/4
   671 | D:1      | Learned a level 2 spell: Scorch
  1626 | D:1      | Reached XP level 3. HP: 27/27 MP: 0/5
  1683 | D:1      | Reached skill level 1 in Fighting
  2539 | D:2      | Reached skill level 4 in Fire Magic
  2859 | D:2      | Reached XP level 4. HP: 35/35 MP: 2/7
  3089 | D:2      | Noticed Robin
  3103 | D:2      | Killed Robin
  3899 | D:2      | Noticed Sigmund
  3906 | D:2      | Killed Sigmund
  3907 | D:2      | Reached skill level 1 in Short Blades
  3907 | D:2      | Reached XP level 5. HP: 45/45 MP: 0/9
  3907 | D:2      | Reached XP level 6. HP: 51/51 MP: 0/10
  4220 | D:2      | Learned a level 3 spell: Inner Flame
  4224 | D:2      | Learned a level 3 spell: Spider Form
  4478 | D:3      | Found a blossoming altar of Fedhas.
  4645 | D:3      | Reached skill level 5 in Fire Magic
  4801 | D:3      | Identified the +10 hunting sling of Guilt {vorpal, Contam
                  | rElec rC+ Dex+4}
  5576 | D:3      | Found a runed translucent door.
  5577 | D:3      | Noticed Crazy Yiuf
  5959 | D:3      | Found a faded altar of an unknown god.
  6145 | D:3      | Killed Crazy Yiuf
  6302 | D:4      | Noticed a water moccasin
  6307 | D:4      | Killed a water moccasin
  6308 | D:4      | Reached skill level 1 in Throwing
  6308 | D:4      | Reached XP level 7. HP: 46/58 MP: 0/12
  6739 | D:4      | Reached skill level 1 in Slings
  7271 | D:4      | Found Ulaud's Weapon Shop.
  7414 | D:4      | Found a broken altar of Ashenzari.
  7765 | D:4      | Found Vonk's Armour Shoppe.
  7922 | D:5      | Entered Level 5 of the Dungeon
  8034 | D:5      | Reached skill level 1 in Armour
  8310 | D:5      | Found a sand-covered staircase.
  8316 | Ossuary  | Entered an ossuary
  8377 | Ossuary  | Reached XP level 8. HP: 66/66 MP: 13/13
  8851 | Ossuary  | Gained mutation: You are dopey. (Int -2) [potion of
                  | mutation]
  8851 | Ossuary  | Gained mutation: Armour fits poorly on your strangely
                  | shaped body. [potion of mutation]
  9010 | Ossuary  | Lost mutation: You are dopey. (Int -2) [potion of mutation]
  9010 | Ossuary  | Lost mutation: Armour fits poorly on your strangely shaped
                  | body. [potion of mutation]
  9010 | Ossuary  | Gained mutation: Your muscles are strong. (Str +2) [potion
                  | of mutation]
  9010 | Ossuary  | Gained mutation: You have very sharp teeth. [potion of
                  | mutation]
  9010 | Ossuary  | Gained mutation: Your system is resistant to poisons.
                  | (rPois) [potion of mutation]
  9650 | D:6      | Found a basalt altar of Yredelemnul.
  9689 | D:6      | Found a hazy altar of Hepliaklqana.
  9855 | D:6      | Reached skill level 6 in Fire Magic
 11037 | D:6      | Found a sparkling altar of Nemelex Xobeh.
 11422 | D:6      | Found a snail-covered altar of Cheibriados.
 11423 | D:6      | Found an ancient bone altar of Kikubaaqudgha.
 11444 | D:6      | Became a worshipper of Yredelemnul the Dark
 11456 | D:7      | Reached XP level 9. HP: 66/73 MP: 15/15
 11709 | D:8      | Reached * piety under Yredelemnul
 11896 | D:8      | HP: 2/73 [orc priest/divine providence (16)]
 12210 | D:7      | Found Siutzy's Book Boutique.
 12218 | D:7      | Learned a level 3 spell: Conjure Flame
 12220 | D:7      | Learned a level 1 spell: Slow
 12220 | D:7      | Bought an Inescapable Atlas for 442 gold pieces
 12223 | D:7      | Learned a level 2 spell: Blink
 12277 | D:7      | Reached skill level 5 in Fighting
 12491 | D:7      | Found Jirojanu's Distillery.
 12521 | D:7      | Found Laecet's Antique Armour Emporium.
 12599 | D:7      | Found Owneum's General Store.
 12838 | D:7      | Found a staircase to the Ecumenical Temple.
 12862 | D:7      | You fall into a shaft and drop 2 floors!
 12862 | D:9      | Found Yhynu's Weapon Shoppe.
 12958 | D:9      | Reached skill level 5 in Slings
 13323 | D:9      | Noticed a troll
 13328 | D:9      | Killed a troll
 13477 | D:9      | Identified the +4 scale mail of Burning Liberty {Harm
                  | Slay+6}
 13796 | D:9      | Found a shimmering blue altar of Sif Muna.
 14171 | D:9      | Reached XP level 10. HP: 83/83 MP: 16/16
 14249 | D:9      | Found an ornate altar of the Wu Jian Council.
 14339 | D:9      | Reached skill level 7 in Fire Magic
 14532 | D:9      | Found a roughly hewn altar of Beogh.
 14532 | D:9      | Found a staircase to the Orcish Mines.
 14574 | D:9      | Reached skill level 5 in Spellcasting
 15357 | D:8      | Reached ** piety under Yredelemnul
 15439 | D:8      | Found an iron altar of Okawaru.
 16080 | Orc:1    | Entered Level 1 of the Orcish Mines
 16097 | Orc:1    | Reached skill level 1 in Shields
 16097 | Orc:1    | Noticed an orc sorcerer
 16349 | Orc:1    | Killed an orc sorcerer
 16571 | Orc:1    | Reached *** piety under Yredelemnul
 16734 | Orc:1    | Found a roughly hewn altar of Beogh.
 16734 | Orc:1    | Noticed an orc high priest
 16743 | Orc:1    | Noticed a sun demon
 16743 | Orc:1    | Noticed a smoke demon
 16755 | Orc:1    | Hit by a boomerang thrown by an orc warrior

Illustrated notes

Levels and vault maps discovered:
D:1:      psy_arrival_dodecagon, layout_loops_cross, grunt_decor_arrowhead,
          st_stairs_7
D:2:      layout_loops_ring, uniq_robin, uniq_sigmund
D:3:      layout_basic, fedhas_altar_4, shapermc_ecumenical_altar_mp_highgroup,
          corexii_shack, minmay_fractal_squares_diagonal_5,
          uniq_crazy_yiuf_cottage
D:4:      layout_basic, mainiacjoe_overflow_tiny_flanked, serial_shops, shop,
          nicolae_shop_bloodbath_and_beyond
D:5:      layout_basic, nicolae_ossuary_entry_giza, due_unseen_surprise
D:6:      layout_cave_pods, mainiacjoe_overflow_brackets,
          nicolae_overflow_hidden_temple
D:7:      layout_basic, minmay_temple_entry_mini_moons, serial_shops,
          nicolae_shop_trees, kennysheep_little_box, nicolae_lakefront_shop,
          shop
D:8:      layout_basic, kennysheep_okawaru_gauntlet
D:9:      layout_loops_ring, general_overflow_altar, lemuel_blue_sif_altar,
          david_orc_5, glass_columns_a, nicolae_stop_n_shop_2
Orc:1:    layout_caves, kennysheep_orc_chapel

Skill      XL: |  1  2  3  4  5  6  7  8  9 10 |
---------------+-------------------------------+-----
Fighting       | 1 3 4 6 |  6.8
Spellcasting   | 2 3 4 5 |  5.5
Fire Magic     | 4 5 6 7 |  7.7
Short Blades   | 1 |  1.1
Throwing       | 1 2 3 |  3.0
Stealth        | 2 |  2.6
Slings         | 1 4 5 |  5.7
Armour         | 1 3 4 |  4.9
Dodging        | 2 4 |  4.4
Shields        | 1 |  1.1
Maces & Flails | |  0.4
Conjurations   | |  1.1
Hexes          | |  0.3

Action                   |  1- 3 |  4- 6 |  7- 9 | 10-12 || total
-------------------------+-------+-------+-------+-------++-------
Melee: Dagger            |    48 |    38 |       |       ||    86
       Hunting sling     |       |       |     2 |       ||     2
       Mace              |       |       |       |    18 ||    18
       Bite              |       |       |       |     1 ||     1
 Fire: Hunting sling     |       |    11 |   231 |    48 ||   290
Throw: Dart              |       |       |     7 |     2 ||     9
 Cast: Foxfire           |    13 |     7 |    22 |    14 ||    56
       Scorch            |    25 |    46 |    54 |    77 ||   202
       Inner Flame       |       |       |     3 |     5 ||     8
       Blink             |       |       |       |     1 ||     1
Evoke: Wand              |       |       |     2 |     1 ||     3
  Use: Scroll            |       |       |    19 |     1 ||    20
       Potion            |       |       |    12 |     2 ||    14
 Stab: Sleeping          |       |       |       |     1 ||     1
Armor: Robe              |     9 |    13 |    12 |    17 ||    51
       Leather armour    |       |       |       |     1 ||     1
Dodge: Dodged            |    41 |    41 |    52 |    48 ||   182
Block: Other             |       |       |     5 |    11 ||    16
       Reflection        |       |       |     1 |     1 ||     2
